 Dungeon Crawl Stone Soup version 0.26-a0-597-gb535b0901c (webtiles) character file.

Game seed: 2651095283873480658

(classic levelgen) 12247 EnegeticOcto the Cleaver (level 11, -2/103 HPs)
             Began as a Deep Dwarf Fighter on Aug 28, 2020.
             Was an Elder of Makhleb.
             Slain by a komodo dragon (21 damage)
             ... on level 12 of the Dungeon.
             The game lasted 00:06:36 (7442 turns).

EnegeticOcto the Cleaver (Deep Dwarf Fighter)       Turns: 7442, Time: 00:06:37

Health: -2/103     AC: 18    Str: 24    XL:     11   Next: 59%
Magic:  2/2        EV:  7    Int:  8    God:    Makhleb [****..]
Gold:   536        SH: 14    Dex: 12    Spells: 10/10 levels left

rFire    + . .     SeeInvis .   a - +1 war axe
rCold    + . .     Faith    +   x - +2 kite shield
rNeg     . . .     Spirit   .   A - +0 chain mail
rPois    .         Reflect  .   i - +1 helmet
rElec    .         Harm     .   k - scarf {rC+ rF+}
rCorr    .                      z - +2 pair of gloves
MR       +....                  c - +0 pair of boots
Stlth    ..........             m - amulet of faith
HPRegen  0.00/turn              (no ring)
MPRegen  0.08/turn              (no ring)

@: non-regenerating, slowed, very slow
A: damage resistance, heal wounds, sense surroundings 2, no regeneration
a: Heal Wounds, Minor Destruction, Lesser Servant of Makhleb, Major Destruction,
Renounce Religion


You were on level 12 of the Dungeon.
You worshipped Makhleb.
Makhleb was greatly pleased with you.
You visited 2 branches of the dungeon, and saw 13 of its levels.
You also visited: Sewer.

You collected 574 gold pieces.
You spent 38 gold pieces at shops.

Inventory:

Hand Weapons
 a - a +1 war axe (weapon)
Armour
 c - a +0 pair of boots (worn)
 i - a +1 helmet (worn)
 k - a scarf of resistance (worn)
 x - a +2 kite shield (worn)
 z - a +2 pair of gloves (worn)
 A - a +0 chain mail (worn)
Jewellery
 m - an amulet of faith (around neck)
Wands
 b - a wand of iceblast (8) {@v2}
 y - a wand of polymorph (1)
Scrolls
 f - 2 scrolls of enchant weapon
 g - 6 scrolls of teleportation {@r3}
 j - 3 scrolls of fear
 r - a scroll of magic mapping {@r5}
 s - 3 scrolls of blinking
 w - 4 scrolls of remove curse {@r2}
 B - a scroll of immolation {@r4}
 C - a scroll of identify {@r1}
Potions
 d - 6 potions of might {@q3}
 e - 4 potions of resistance {@q6}
 h - 2 potions of heal wounds {unknown}
 l - 3 potions of flight
 n - 2 potions of invisibility {unknown}
 o - 2 potions of haste {@q4}
 p - 2 potions of degeneration {unknown}
 q - 5 potions of curing {unknown}
 t - 2 potions of mutation
 u - a potion of cancellation {unknown}
Miscellaneous
 v - a phial of floods (inert)


   Skills:
 + Level 7.8 Fighting
 * Level 12.2 Axes
 + Level 9.3 Armour
 + Level 9.3 Shields
 + Level 7.7 Invocations


You had 10 spell levels left.
You didn't know any spells.
Your spell library was empty.

Dungeon Overview and Level Annotations

Branches:
Dungeon (12/15)            Temple (1/1) D:7            Lair (0/6) D:10
    Orc (0/2) D:10          Sewer (visited)

Altars:
Fedhas
Hepliaklqana
Kikubaaqudgha
Makhleb
Ru
Sif Muna
Vehumet
Xom

Shops:
D:5 (   D:7 *   D:11 :

Annotations:
D:4 2 transporters, GordonOverkill's ghost, weakling DEDe
D:9 3 runed translucent doors, Sapher's ghost, novice DDMo; happy2pester's ghost, journeyman HOFi


Innate Abilities, Weirdness & Mutations

You are resistant to damage.
You can heal yourself by infusing magical energy.
You passively map the area around you.
You do not regenerate.


Message History

The orc wizard moves out of view.
An orc warrior comes into view. It is wielding a +0 halberd.
A gargoyle, a kobold demonologist and an ogre mage come into view.
The ogre mage shouts!
You block the yak's attack.
The orc priest calls down the wrath of Beogh upon you.
Beogh smites you!
You hit the yak but do no damage. You barely miss the yak.
You hit the orc priest. You closely miss the orc wizard.
You completely miss the orc. You block the orc wizard's attack.
The yak gores you but does no damage.
The kobold demonologist casts a spell.
The orc hits you but does no damage.
The orc priest hits you but does no damage.
A kobold comes into view. It is wielding a +0 dagger.
You hit the orc priest but do no damage.
The orc priest is moderately wounded.
You hit the orc wizard but do no damage.
You closely miss the orc. You slash the yak! You closely miss the yak.
The yak gores you!
The kobold demonologist casts a spell.
The orc wizard hits you but does no damage.
The orc priest looks braver for a moment.
You block the mana viper's attack.
You hit the yak but do no damage.
The yak is moderately wounded.
You slash the orc!
You kill the orc!
Makhleb accepts your kill.
You closely miss the orc wizard.
You hit the orc priest but do no damage.
You slash the yak! You completely miss the mana viper.
The mana viper changes into a manticore!
The orc wizard casts a spell at you.
You feel yourself slow down. You block the yak's attack.
The orc priest hits you but does no damage.
You barely miss the yak.
The yak is moderately wounded.
You slash the manticore! You slash the yak! You slash the orc priest!
You closely miss the orc wizard.
The manticore changes into an elephant!
The yak closely misses you.
The orc wizard casts a spell.
The orc wizard seems to speed up.
You block the yak's attack. You block the orc priest's attack.
The yak gores you. You block the yak's attack.
You slice the orc priest!!
You kill the orc priest!
Makhleb accepts your kill.
You feel better.
You closely miss the orc wizard. You hit the yak. x2
You hit the elephant. You hit the yak. The orc wizard closely misses you.
You block the yak's attack. The yak barely misses you.
The yak gores you but does no damage. You block the orc wizard's attack.
The orc warrior hits you but does no damage.
The elephant tramples you but does no damage.
The elephant trunk-slaps you but does no damage.
You block the komodo dragon's attack.
You closely miss the yak.
The yak is severely wounded.
You hit the komodo dragon. You hit the orc wizard. You slash the yak!
Your chain mail prevents you from hitting the big kobold.
You completely miss the yak. You hit the elephant but do no damage.
The elephant changes into a manticore!
The orc wizard closely misses you.
The kobold demonologist looks satisfied for a moment.
The yak gores you but does no damage. You block the yak's attack.
The soul eater draws from the surrounding life force!
The big kobold hits you but does no damage.
The orc warrior hits you but does no damage.
The orc wizard hits you but does no damage.
The komodo dragon barely misses you.
The kobold demonologist looks braver for a moment. x2
The ogre mage mumbles some strange words.
The ogre mage flickers and vanishes!
Deactivating autopickup; reactivate with Ctrl-A.
The yak gores you but does no damage. The big kobold barely misses you.
You are too injured to fight recklessly!
You are too injured to fight recklessly!
You are too injured to fight recklessly!
You are too injured to fight recklessly!
You are too injured to fight recklessly!
You are too injured to fight recklessly!
You are too injured to fight recklessly!
You are too injured to fight recklessly!
You are too injured to fight recklessly!
You are too injured to fight recklessly!
You are too injured to fight recklessly!
You are too injured to fight recklessly!
You are too injured to fight recklessly!
You are too injured to fight recklessly!
Unknown command.
You block the orc wizard's attack.
The orc warrior hits you but does no damage.
The orc wizard mumbles some strange words.
The orc wizard blinks!
The orc wizard gestures wildly while chanting.
The orc wizard blinks!
You block the yak's attack. The yak closely misses you.
The soul eater draws from the surrounding life force!
* * * LOW HITPOINT WARNING * * *
The big kobold hits you but does no damage.
The komodo dragon bites you!!
You die...

.....................,,
#############.###### ,*
#.# , #.# #.## #..# * *
* ######.#########
......o.........#
........K@Yl.....*
,.......KYlW......*
,......KoHYY.....#
,.......K.9.ยง....#
........Kz3.....#
.........5.....##
,..............# * **
.....o......## *
...........##


You could see a soul eater (summoned), a manticore shaped shifter, 2 komodo
dragons, 2 kobold demonologists, 4 yaks, a wraith, an orc warrior, a gargoyle, 2
big kobolds, a wight, 2 orc wizards, a white imp (summoned) and a kobold.

Vanquished Creatures
  A two-headed ogre (D:7)
  Urug (D:11)
  Nergalle (D:11)
  3 skeletal warriors (D:11)
  Pikel (D:7)
  An ugly thing (D:11)
  A komodo dragon (D:12)
  A troll (D:9)
  4 hippogriffs
  A vampire (D:10)
  2 wyverns
  2 wraiths
  2 yaks
  A water moccasin (D:11)
  6 ice beasts
  2 orc warriors (D:9)
  2 black bears
  2 phantoms (D:10)
  2 sky beasts
  An eye of draining (D:9)
  An ogre (D:10)
  3 centaurs
  2 crocodiles (D:10)
  2 big kobolds
  9 bullfrogs
  A gnoll sergeant (D:11)
  A wyvern zombie (D:7)
  4 scorpions
  2 troll zombies (D:10)
  11 killer bees
  7 wights
  2 electric eels
  7 howler monkeys
  2 bullfrog zombies
  A centaur zombie (D:6)
  3 jellies
  4 hounds
  6 orc wizards
  5 orc priests
  3 bullfrog skeletons
  6 iguanas
  6 worker ants
  A killer bee zombie (D:9)
  6 ogre zombies (D:10)
  2 hound zombies
  A hound skeleton (D:7)
  A worker ant zombie (D:11)
  3 gnolls (D:11)
  12 adders
  4 shadow imps
  4 white imps
  4 ufetubi
  18 oozes (Sewer)
  2 adder skeletons
  A worm (D:2)
  12 leopard geckos
  19 orcs
  9 giant cockroaches
  2 goblins (D:2)
  A hobgoblin (D:7)
  3 jackals
  4 quokkas
  15 ball pythons
  9 frilled lizards (Sewer)
  A goblin skeleton (D:10)
  3 goblin zombies (D:10)
  A hobgoblin skeleton (D:10)
  4 hobgoblin zombies (D:10)
  5 kobolds
  6 orc skeletons (D:10)
  10 orc zombies (D:10)
288 creatures vanquished.

Vanquished Creatures (others)
  2 fungi (D:6)
  4 plants (D:6)
  5 withered plants (D:9)
11 creatures vanquished.

Grand Total: 299 creatures vanquished

Notes
Turn   | Place    | Note
-------+----------+-------------------------------------------
     0 | D:1      | EnegeticOcto the Deep Dwarf Fighter began the quest for the
                  | Orb.
     0 | D:1      | Reached XP level 1. HP: 20/20 MP: 1/1
   120 | D:2      | Reached XP level 2. HP: 27/27 MP: 2/2
   314 | D:4      | Noticed a scorpion
   329 | D:4      | Killed a scorpion
   329 | D:4      | Reached skill level 3 in Axes
   329 | D:4      | Reached XP level 3. HP: 23/34 MP: 3/3
   376 | D:4      | Found a transporter.
   377 | D:4      | Found a transporter.
   377 | D:4      | Noticed GordonOverkill's ghost (weakling DEDe)
   398 | D:4      | Reached XP level 4. HP: 29/42 MP: 4/4
   734 | D:5      | Entered Level 5 of the Dungeon
   777 | D:5      | Noticed a bullfrog
   784 | D:5      | Killed a bullfrog
   784 | D:5      | Reached skill level 4 in Axes
   784 | D:5      | Reached XP level 5. HP: 36/49 MP: 4/4
   800 | D:5      | Noticed an ice beast
   812 | D:5      | Killed an ice beast
   812 | D:5      | Reached XP level 6. HP: 36/56 MP: 5/5
   955 | D:5      | Found Lodad's Antique Weapon Shoppe.
   971 | D:5      | Reached skill level 5 in Axes
  1199 | D:5      | Reached XP level 7. HP: 63/64 MP: 5/5
  1227 | D:5      | Reached skill level 5 in Armour
  1227 | D:5      | Reached skill level 5 in Shields
  1240 | D:5      | Noticed a hippogriff
  1259 | D:5      | Killed a hippogriff
  1259 | D:5      | Reached skill level 6 in Axes
  1482 | D:5      | Reached XP level 8. HP: 51/73 MP: 5/5
  1705 | D:6      | Found a blossoming altar of Fedhas.
  1804 | D:6      | Reached skill level 7 in Axes
  2012 | D:6      | Reached skill level 5 in Fighting
  2148 | D:6      | Found a blossoming altar of Fedhas.
  2299 | D:6      | Found a glowing drain.
  2312 | Sewer    | Entered a sewer
  2609 | Sewer    | Reached skill level 8 in Axes
  2891 | D:7      | Found a staircase to the Ecumenical Temple.
  2911 | Temple   | Entered the Ecumenical Temple
  2935 | Temple   | Became a worshipper of Makhleb the Destroyer
  3000 | D:7      | Reached skill level 1 in Invocations
  3002 | D:7      | Found a sacrificial altar of Ru.
  3049 | D:7      | Gained mutation: You passively map the area around you.
                  | [Deep Dwarf growth]
  3049 | D:7      | Reached XP level 9. HP: 34/81 MP: 5/5
  3144 | D:7      | Noticed Pikel
  3158 | D:7      | Killed Pikel
  3158 | D:7      | Reached skill level 9 in Axes
  3173 | D:7      | Found Sushruink's General Store.
  3176 | D:7      | Bought a scroll of fear for 38 gold pieces
  3277 | D:7      | Noticed a two-headed ogre
  3285 | D:7      | Killed a two-headed ogre
  3722 | D:8      | Reached * piety under Makhleb
  4147 | D:8      | Reached XP level 10. HP: 58/92 MP: 7/7
  4651 | D:9      | Reached skill level 10 in Axes
  4782 | D:9      | Found a runed translucent gate.
  4782 | D:9      | Found a runed translucent gate.
  4931 | D:9      | Reached ** piety under Makhleb
  4937 | D:9      | Reached skill level 5 in Invocations
  5120 | D:9      | Found a runed translucent gate.
  5123 | D:9      | Noticed happy2pester's ghost (journeyman HOFi)
  5123 | D:9      | Noticed Sapher's ghost (novice DDMo)
  5486 | D:10     | Entered Level 10 of the Dungeon
  5526 | D:10     | Found a staircase to the Orcish Mines.
  5589 | D:10     | Reached *** piety under Makhleb
  5634 | D:10     | Reached skill level 11 in Axes
  5692 | D:10     | Reached **** piety under Makhleb
  5766 | D:10     | Found a staircase to the Lair.
  6208 | D:11     | Noticed Nergalle
  6214 | D:11     | Reached XP level 11. HP: 100/100 MP: 6/6
  6463 | D:11     | Killed Nergalle
  6614 | D:11     | Noticed Urug
  6617 | D:11     | Found Sablicoum's Book Emporium.
  6617 | D:11     | Noticed a skeletal warrior
  6619 | D:11     | Noticed a skeletal warrior
  6662 | D:11     | Killed a skeletal warrior
  6691 | D:11     | Killed a skeletal warrior
  6721 | D:11     | Killed Urug
  6771 | D:11     | Noticed a skeletal warrior
  6820 | D:11     | Killed a skeletal warrior
  6978 | D:11     | Reached skill level 12 in Axes
  6988 | D:11     | Noticed a green ugly thing
  7002 | D:11     | Killed a green ugly thing
  7434 | D:12     | Noticed a mana viper
  7435 | D:12     | Noticed an ogre mage
  7438 | D:12     | Noticed a soul eater
  7438 | D:12     | a mana viper changed into a manticore
  7442 | D:12     | Slain by a komodo dragon

Illustrated notes

Levels and vault maps discovered:
D:1:      minmay_arrival_checkered_box, layout_basic, minmay_misc_feat_five,
          minmay_pentomino_u2
D:2:      layout_loops_ring, doesnt_xom_only_xom
D:3:      layout_loops_ring, marbit_many_paths, minitemple,
          ebering_ghost_disaster_area, minmay_misc_feat_hallway,
          cheibriados_altar_1
D:4:      layout_basic, gammafunk_ghost_mausoleum, kennysheep_donut
D:5:      black_bear_nest_2, layout_basic, serial_shops, shop,
          minmay_manual_mullet
D:6:      layout_cave_pods, fedhas_altar_3, serial_column_ruins,
          column_ruins_grid_5, column_ruins_temple_circle,
          column_ruins_open_medium, column_ruins_corridor_straight,
          column_ruins_corridor_dead_end, column_ruins_open_large,
          column_ruins_open_tiny, column_ruins_columns_straight,
          portal_sewer_entry_d, kennysheep_crisscross
D:7:      layout_cave_pools, temple_pool_b, serial_shops, shop, nrook_campfire,
          nicolae_ru_great_annihilating_truth, uniq_pikel
D:8:      layout_basic, water_maze_lemuel
D:9:      layout_irregular_city, gammafunk_ghost_cemetery, kennysheep_dice
D:10:     layout_loops_ring, david_lair_generic, zombieorc2_lemuel
D:11:     layout_long_grid, serial_shops,
          nicolae_shop_competitors_out_of_business, uniq_nergalle, uniq_urug
D:12:     hourglass_vault, layout_long_grid
Temple:   hc_temple_tempest_star

Skill      XL: |  1  2  3  4  5  6  7  8  9 10 11 |
---------------+----------------------------------+-----
Fighting       | 3 4 5 6 7 |  7.8
Axes           | 3 4 5 6 8 9 11 12 | 12.2
Armour         | 4 5 6 7 8 9 |  9.3
Shields        | 4 5 6 7 8 9 |  9.3
Invocations    | 1 4 6 7 |  7.7

Action                   |  1- 3 |  4- 6 |  7- 9 | 10-12 || total
-------------------------+-------+-------+-------+-------++-------
Melee: War axe           |    43 |    85 |   456 |   668 ||  1252
 Abil: Heal Wounds       |       |     3 |    12 |    27 ||    42
Evoke: Phial of floods   |       |       |       |     1 ||     1
  Use: Scroll            |       |       |    13 |     1 ||    14
 Stab: Paralysed         |       |       |     1 |       ||     1
Armor: Scale mail        |    10 |    41 |   150 |       ||   201
       Chain mail        |       |       |    23 |   326 ||   349
Dodge: Dodged            |    13 |    33 |   132 |   164 ||   342
Block: Kite shield       |    23 |    52 |   360 |   427 ||   862
       Reflection        |       |       |     3 |       ||     3

Table legend: (Time is in decaauts)
 A = Elapsed time spent in this place.
 B = Non-inter-level travel time spent in this place.
 C = Inter-level travel time spent in this place.
 D = Time resting spent in this place.
 E = Time spent auto-exploring this place.
 F = Levels seen in this place.
 G = Mean time per level.
                   A        B        C        D        E       F      G
               +--------+--------+--------+--------+--------+-----+--------+
         Total |   7705 |   7407 |    298 |    223 |   4880 |  14 |  550.4 |
       Dungeon |   7110 |   6820 |    290 |    223 |   4612 |  12 |  592.5 |
        Temple |     33 |     25 |      8 |      0 |     14 |   1 |   33.0 |
         Sewer |    561 |    561 |      0 |      0 |    254 |   1 |  561.0 |
               +--------+--------+--------+--------+--------+-----+--------+

Top non-repeatable levels by time:
     D:5: 1016 daAuts
     D:9: 946 daAuts
    D:10: 943 daAuts
     D:8: 887 daAuts
     D:6: 851 daAuts
    D:11: 807 daAuts
     D:7: 701 daAuts
   Sewer: 561 daAuts
     D:4: 544 daAuts
    D:12: 202 daAuts
     D:2: 108 daAuts
     D:3: 53 daAuts
     D:1: 46 daAuts
  Temple: 33 daAuts
